 Dungeon Crawl Stone Soup version 0.24.0-123-gd5b16e6ec5 (webtiles) character file.

Game seed: 18015979497971673423, levelgen mode: deterministic

7091 Emblim88 the Ruffian (level 10, -2/94 HPs)
             Began as a Troll Transmuter on Jan 13, 2020.
             Was an Elder of Fedhas.
             Slain by a crocodile (5 damage)
             ... on level 9 of the Dungeon.
             The game lasted 00:25:43 (8752 turns).

Emblim88 the Ruffian (Troll Transmuter)             Turns: 8752, Time: 00:25:43

Health: -2/94      AC: 14    Str: 23    XL:     10   Next: 84%
Magic:  14/14      EV: 12    Int: 11    God:    Fedhas [****..]
Gold:   511        SH:  0    Dex: 14    Spells: 12/16 levels left

rFire    . . .     SeeInvis .   z - +7 whip of Harmony {drain, *Noise Int+4 Dex+4}
rCold    . . .     Gourm    +   (no shield)
rNeg     . . .     Faith    .   D - +2 robe "Wiczackoapa" {MR++ Str+3 Int-5}
rPois    .         Spirit   .   (helmet restricted)
rElec    .         Reflect  .   B - +0 cloak
rCorr    .         Harm     .   (gloves unavailable)
MR       +++..                  (boots unavailable)
Stlth    +.........             G - amulet of magic regeneration
HPRegen  0.65/turn              q - ring of protection from magic
MPRegen  0.39/turn              h - +5 ring of protection

@: appendage
A: large, unfitting armour, claws 3, horns 2, fast metabolism 3, gourmand,
regeneration 1, shaggy fur 1, tough skin 3
a: End Transformation, Wall of Briars, Grow Ballistomycete, Overgrow, Renounce
Religion


You were on level 9 of the Dungeon.
You worshipped Fedhas.
Fedhas was greatly pleased with you.
You were very full.
You had grown temporary horns.
You visited 1 branch of the dungeon, and saw 9 of its levels.
You also visited: Ossuary.

You collected 814 gold pieces.
You spent 303 gold pieces at shops.

Inventory:

Hand Weapons
 i - a +2 trident of pain
 p - a +1 trident of flaming
 y - a +1 giant spiked club
 z - the +7 whip of Harmony (weapon) {drain, *Noise Int+4 Dex+4}
   (You found it on level 4 of the Dungeon)

   A truly terrible weapon, it drains the life of those it strikes.
   It affects your intelligence (+4).
   It affects your dexterity (+4).
   It may make noises in combat.
Missiles
 a - 136 arrows
 j - 7 silver javelins (quivered)
Armour
 x - a +0 shield
 B - a +0 cloak (worn)
 D - the +2 robe "Wiczackoapa" (worn) {MR++ Str+3 Int-5}
   (You bought it in a shop on level 4 of the Dungeon)

   It affects your strength (+3).
   It affects your intelligence (-5).
   It affects your resistance to hostile enchantments.
Jewellery
 h - a +5 ring of protection (right claw)
 q - a ring of protection from magic (left claw)
 G - an amulet of magic regeneration (around neck)
Wands
 E - a wand of iceblast (11)
 F - a wand of digging (6)
 K - a wand of random effects (12)
 M - a wand of polymorph (10)
Scrolls
 b - a scroll of immolation {unknown}
 e - 3 scrolls of teleportation {unknown}
 f - a scroll of fog {unknown}
 g - a scroll of random uselessness
 l - 2 scrolls of magic mapping
 m - 4 scrolls of remove curse
 n - a scroll of blinking
 r - 2 scrolls of amnesia
 s - a scroll of enchant armour {unknown}
 u - a scroll of fear {unknown}
 w - a scroll of enchant weapon
 N - a scroll of acquirement {unknown}
Potions
 c - 2 potions of ambrosia
 k - a potion of mutation
 o - 2 potions of magic
 t - 2 potions of agility
 v - 3 potions of flight {unknown}
 A - a potion of berserk rage
 C - a potion of lignification
 I - a potion of brilliance {unknown}
 J - 2 potions of might {unknown}
 L - a potion of cancellation {unknown}
Comestibles
 d - 14 rations


   Skills:
 + Level 4.7 Fighting
 * Level 5.8 Maces & Flails
 + Level 4.8 Dodging
 + Level 3.7 Shields
 + Level 6.4 Unarmed Combat
 + Level 3.7 Spellcasting
 * Level 6.3 Transmutations
 + Level 4.0 Invocations
 + Level 0.0 Evocations


You had 12 spell levels left.
You knew the following spells:

 Your Spells              Type           Power        Failure   Level  Hunger
a - Beastly Appendage     Tmut           ###...       1%          1    #......
b - Spider Form           Tmut/Pois      #.........   21%         3    ###....

Your spell library contained the following spells:

 Spells                   Type           Power        Failure   Level  Hunger
 Sticks to Snakes         Tmut           ###.....     2%          2    ##.....
 Passwall                 Tmut/Erth      #.......     10%         2    ##.....
 Sandblast                Erth           #.....       24%         1    #......
 Blade Hands              Tmut           ###.......   45%         5    ######.
 Ice Form                 Ice/Tmut       #.......     54%         4    #####..
 Petrify                  Tmut/Erth      #.......     54%         4    #####..
 Stone Arrow              Conj/Erth      #.....       58%         3    ###....
 Lee's Rapid Deconstruct  Erth           #.........   100%        5    ######.


Dungeon Overview and Level Annotations

Branches:
Dungeon (9/15)             Temple (0/1) D:7            Lair (0/6) D:9
Ossuary (visited)
    Orc: D:9-12

Altars:
Ashenzari
Dithmenos
Fedhas
Gozag
Kikubaaqudgha
Makhleb
Nemelex Xobeh
Ru
Sif Muna
Trog
Uskayaw
Wu Jian
Xom

Shops:
D:4 **!!


Innate Abilities, Weirdness & Mutations

You are too large for most types of armour.
You have claws for hands.
Your metabolism is lightning-fast.
You like to eat raw meat.
Your natural rate of healing is unusually fast.
You are covered in fur. (AC +1)
You have extremely tough skin. (AC +3)
You have a pair of horns on your head.


Message History

The two-headed ogre is heavily wounded.
The crocodile bites you!
* * * LOW HITPOINT WARNING * * *
The scorpion stings you but does no damage.
The two-headed ogre hits you but does no damage.
The two-headed ogre barely misses you.
You hit the two-headed ogre. You drain the two-headed ogre.
The two-headed ogre is severely wounded.
The orc hits the plant.
The crocodile barely misses you.
The scorpion stings you but does no damage.
You whack the two-headed ogre! You drain the two-headed ogre.
The two-headed ogre is severely wounded.
The two-headed ogre hits you with a +0 giant club.
* * * LOW HITPOINT WARNING * * *
The two-headed ogre hits you with a +0 giant spiked club!
* * * LOW HITPOINT WARNING * * *
The orc hits the plant but does no damage.
The crocodile bites you.
You die...
Fedhas appreciates your contribution to the ecosystem.

##..........#.)#........
####.......#.##........
##..####..##........
#### ##..###.####.......
....####..#.<# ########
........#.)..##
......†.......#
............#..#
.......@O.P..#.#
......Pst..P...#
.....PPPoP.♣...♣
....P....PP.♣....
...........P.....
...P.......P.♣....
.......P.......
....P.♣P..>P...


You could see a two-headed ogre, a crocodile, a scorpion and an orc.

Vanquished Creatures
  Harold (D:8)
  Pikel (D:8)
  Joseph (D:8)
  Maurice (D:8)
  Grinder (D:2)
  A hippogriff (D:7)
  2 basilisks (D:8)
  A wyvern (D:8)
  A hungry ghost (D:2)
  2 porcupines (D:8)
  Duvessa (D:5)
  5 orc warriors
  A slave (D:8)
  3 black bears (D:8)
  An ogre (D:4)
  2 phantoms (D:8)
  2 ice beasts
  2 wolves
  A crocodile (D:9)
  2 gnoll sergeants (D:7)
  2 bullfrogs
  A wyvern zombie (D:9)
  Dowan (D:5)
  2 scorpions (D:6)
  3 killer bees (D:8)
  3 howler monkeys
  4 crimson imps
  A quasit (D:7)
  2 centaur zombies
  3 hounds
  3 jellies
  6 orc priests
  A bullfrog skeleton (D:5)
  5 worker ants
  2 iguanas
  12 orc wizards
  2 big kobold zombies (Ossuary)
  A hound zombie (D:5)
  9 mummies
  A worker ant zombie (D:5)
  11 gnolls
  8 adders
  A shadow imp (D:6)
  2 oozes
  2 adder skeletons (D:4)
  An adder zombie (D:6)
  5 worms
  5 leopard geckos
  44 orcs
  2 ball pythons
  6 giant cockroaches
  A gnoll zombie (Ossuary)
  13 hobgoblins
  13 jackals
  21 kobolds
  3 quokkas
  A ball python skeleton (D:4)
  8 bats
  2 frilled lizards
  8 goblins
  2 hobgoblin zombies (Ossuary)
  2 kobold zombies (Ossuary)
  A leopard gecko zombie (D:5)
  An orc zombie (Ossuary)
  9 rats
268 creatures vanquished.

Vanquished Creatures (others)
  2 plants (D:9)
2 creatures vanquished.

Grand Total: 270 creatures vanquished

Notes
Turn   | Place    | Note
-------+----------+-------------------------------------------
     0 | D:1      | Emblim88 the Troll Transmuter began the quest for the Orb.
     0 | D:1      | Reached XP level 1. HP: 18/18 MP: 1/1
    46 | D:1      | Reached skill level 1 in Fighting
    46 | D:1      | Reached XP level 2. HP: 27/27 MP: 3/3
   482 | D:1      | Reached XP level 3. HP: 33/33 MP: 4/4
   853 | D:2      | Reached XP level 4. HP: 38/41 MP: 5/5
  1142 | D:2      | Reached XP level 5. HP: 46/49 MP: 6/6
  1773 | D:3      | Noticed Grinder
  1971 | D:3      | Noticed a hungry ghost
  2033 | D:2      | Killed a hungry ghost
  2033 | D:2      | Reached XP level 6. HP: 57/57 MP: 5/8
  2052 | D:2      | Paralysed by Grinder for 5 turns
  2063 | D:2      | Killed Grinder
  2303 | D:3      | Reached XP level 7. HP: 66/66 MP: 9/9
  2629 | D:3      | Found a blossoming altar of Fedhas.
  2820 | D:3      | Became a worshipper of Fedhas Madash
  2971 | D:4      | Found an ancient bone altar of Kikubaaqudgha.
  2972 | D:4      | Found Amikauck's Distillery.
  2975 | D:4      | Found a hide-covered altar of Uskayaw.
  2985 | D:4      | Bought a potion of heal wounds for 70 gold pieces
  2985 | D:4      | Bought a potion of curing for 42 gold pieces
  2995 | D:4      | Found a sacrificial altar of Ru.
  2996 | D:4      | Found an ornate altar of the Wu Jian Council.
  3031 | D:4      | Found Ineuc's Assorted Antiques.
  3036 | D:4      | Bought a coppery potion for 17 gold pieces
  3036 | D:4      | Bought a scroll labeled BUPOARE FOETS for 19 gold pieces
  3036 | D:4      | Bought a scroll labeled RIATO ARIBBO for 19 gold pieces
  3096 | D:4      | Found Reig's Assorted Antiques.
  3124 | D:4      | Found a shadowy altar of Dithmenos.
  3136 | D:4      | Reached * piety under Fedhas
  3301 | D:4      | Found Ocukizul's Distillery.
  3431 | D:4      | Got a dazzling whip
  3491 | D:4      | Found a sparkling altar of Nemelex Xobeh.
  3725 | D:4      | Identified the +7 whip of Harmony {drain, *Noise Int+4
                  | Dex+4} (You found it on level 4 of the Dungeon)
  3760 | D:5      | Entered Level 5 of the Dungeon
  3769 | D:5      | You fall into a shaft and drop 1 floor!
  3897 | D:6      | Found a shattered altar of Ashenzari.
  3925 | D:6      | Reached skill level 1 in Maces & Flails
  3986 | D:6      | Reached XP level 8. HP: 65/75 MP: 10/10
  3999 | D:6      | Reached skill level 1 in Shields
  4009 | D:6      | Reached skill level 1 in Invocations
  4132 | D:5      | Noticed Duvessa
  4132 | D:5      | Noticed Dowan
  4166 | D:5      | Killed Duvessa
  4179 | D:5      | Killed Dowan
  4424 | D:5      | Reached skill level 5 in Unarmed Combat
  4606 | D:4      | Bought an ominously black robe for 136 gold pieces
  4616 | D:4      | Identified the +2 robe "Wiczackoapa" {MR++ Str+3 Int-5}
                  | (You bought it in a shop on level 4 of the Dungeon)
  4631 | D:4      | Learned a level 3 spell: Spider Form
  4711 | D:5      | Found a bloodstained altar of Trog.
  4749 | D:6      | Found a bloodstained altar of Trog.
  4755 | D:6      | Reached ** piety under Fedhas
  5016 | D:6      | Found a burning altar of Makhleb.
  5616 | D:7      | Reached XP level 9. HP: 74/83 MP: 12/12
  5624 | D:7      | Found an opulent altar of Gozag.
  5796 | D:7      | Reached skill level 5 in Transmutations
  5821 | D:7      | Reached *** piety under Fedhas
  5928 | D:7      | Found a shimmering blue altar of Sif Muna.
  6025 | D:7      | Found a sand-covered staircase.
  6040 | Ossuary  | Entered an ossuary
  6389 | D:7      | Found a shimmering altar of Xom.
  6741 | D:7      | Found a staircase to the Ecumenical Temple.
  6938 | D:8      | Noticed Maurice
  7020 | D:8      | Noticed Joseph
  7039 | D:8      | Killed Joseph
  7182 | D:8      | Noticed Harold
  7200 | D:8      | Killed Harold
  7200 | D:8      | Reached XP level 10. HP: 57/92 MP: 12/14
  7208 | D:8      | Noticed Pikel
  7226 | D:8      | Killed Pikel
  7455 | D:8      | Killed Maurice
  7720 | D:8      | Reached skill level 5 in Maces & Flails
  7964 | D:8      | Reached **** piety under Fedhas
  8735 | D:9      | Noticed a two-headed ogre
  8740 | D:9      | Found a staircase to the Lair.
  8752 | D:9      | HP: 3/94 [two-headed ogre/+0 giant club (16)]
  8752 | D:9      | Slain by a crocodile

Levels and vault maps discovered:
D:1:      scummos_arrival_forest, layout_basic
D:2:      layout_basic
D:3:      layout_rooms, fedhas_altar_4, uniq_grinder
D:4:      layout_loops_cross, overflow_temple_1_default,
          nicolae_overflow_quartered_altars, first_ration, serial_shops,
          nicolae_shop_overgrown_old_shop, shop,
          nicolae_shop_overgrown_old_shop, nicolae_shop_behind_doors,
          minmay_misc_feat_tiny, nicolae_dithmenos_the_darkroom
D:5:      layout_basic, lightli_temple_of_fire, uniq_duvessa
D:6:      layout_gridville, lemuel_round_altar, ashenzari_altar_1,
          trog_hazing_becter
D:7:      layout_basic, led_sif_book, xom_butterflies, temple_hall,
          gup_ossuary_entry_pyramid, minmay_misc_feat_roman,
          grunt_gozag_breadcrumbs
D:8:      layout_basic, uniq_maurice, uniq_pikel, uniq_harold, uniq_joseph
D:9:      layout_cave_pods, minmay_lair_entry_grove, hiddenorc2_lemuel

Skill      XL: |  1  2  3  4  5  6  7  8  9 10 |
---------------+-------------------------------+-----
Fighting       | 1 2 3 4 |  4.7
Transmutations | 2 3 4 5 6 |  6.3
Dodging        | 2 3 4 |  4.8
Unarmed Combat | 4 5 6 |  6.4
Spellcasting   | 2 3 |  3.7
Maces & Flails | 1 3 4 5 |  5.8
Shields        | 2 3 |  3.7
Invocations    | 1 3 4 |  4.0

Action                   |  1- 3 |  4- 6 |  7- 9 | 10-12 || total
-------------------------+-------+-------+-------+-------++-------
Melee: Unarmed           |    98 |   139 |   107 |    22 ||   366
       Punch             |     1 |     1 |    11 |     6 ||    19
       Kick              |       |     7 |    23 |    10 ||    40
       Headbutt          |       |     1 |    29 |     8 ||    38
       Whip              |       |       |   393 |   180 ||   573
 Cast: Beastly Appendage |       |     4 |    14 |     5 ||    23
       Spider Form       |       |       |       |     2 ||     2
Evoke: Wand              |       |       |     6 |       ||     6
  Use: Scroll            |       |       |    13 |       ||    13
       Potion            |       |       |     6 |     1 ||     7
 Stab: Sleeping          |       |       |     2 |       ||     2
       Distracted        |       |       |     2 |       ||     2
  Eat: Chunk             |     6 |    18 |    29 |    18 ||    71
       Ration            |       |       |     4 |     1 ||     5
Armor: Robe              |    46 |    43 |   223 |    96 ||   408
       Skin              |       |       |       |    10 ||    10
Dodge: Dodged            |    60 |    74 |   247 |   161 ||   542
Block: Shield            |       |       |    57 |       ||    57
